 Dungeon Crawl Stone Soup version 0.27-a0-1557-g57f10a385c (webtiles) character file.

Game seed: 2484970431846571470

4337 Sin92 the Cleaver (level 10, -10/79 HPs)
             Began as a Minotaur Fighter on July 15, 2021.
             Mangled by an orc knight (26 damage)
             ... in a bailey.
             The game lasted 00:08:53 (8121 turns).

Sin92 the Cleaver (Minotaur Fighter)                Turns: 8121, Time: 00:08:54

Health: -10/79     AC: 14    Str: 24    XL:     10   Next: 12%
Magic:  0/9        EV:  9    Int:  5    God:
Gold:   578        SH:  0    Dex: 10    Spells: 9/9 levels left

rFire    . . .     SeeInvis .   a - +1 war axe
rCold    + . .     Faith    .   c - +0 kite shield
rNeg     . . .     Spirit   +   e - +0 chain mail
rPois    .         Reflect  .   (helmet restricted)
rElec    .         Harm     .   x - +0 cloak
rCorr    .         Rampage  .   (no gloves)
Will     .....                  (no boots)
Stlth    ..........             j - amulet of guardian spirit
HPRegen  0.23/turn              u - ring of protection from cold
MPRegen  0.11/turn              (no ring)

@: confused, ambrosia-drunk, marked
A: horns 2, retaliatory headbutt, iridescent scales 1, frail 1
a: no special abilities


You were in a bailey.
You visited 1 branch of the dungeon, and saw 7 of its levels.
You also visited: Bailey.

You collected 578 gold pieces.

Inventory:

Hand Weapons
 a - a +1 war axe (weapon)
 k - a +5 morningstar
Missiles
 t - a curare-tipped dart (quivered)
Armour
 b - a +0 scale mail
 c - a +0 kite shield (worn)
 e - a +0 chain mail (worn)
 n - a +0 cloak
 x - a +0 cloak (worn)
Jewellery
 i - a ring of flight
 j - an amulet of guardian spirit (around neck)
 u - a ring of protection from cold (left hand)
Wands
 f - a wand of mindburst (14)
 q - a wand of iceblast (7)
 w - a wand of flame (16)
Scrolls
 m - 2 scrolls of identify
 p - a scroll of teleportation
 r - 5 scrolls of noise
 s - a scroll of magic mapping
 v - 2 scrolls of fog
Potions
 g - 4 potions of degeneration
 h - 2 potions of lignification
 l - a potion of mutation
 z - a potion of curing
 A - a potion of brilliance
 B - 2 potions of flight


   Skills:
 + Level 7.9 Fighting
 * Level 10.4(10.6) Axes
 + Level 2.8(7.2) Maces & Flails
 + Level 8.0 Armour
 + Level 6.3 Dodging
 + Level 7.9 Shields


You had 9 spell levels left.
You didn't know any spells.
Your spell library contained the following spells:

 Spells                   Type           Power      Damage    Failure   Level
 Tukima's Dance           Hex            0%         N/A       100%        3
 Passage of Golubria      Tloc           N/A        N/A       100%        4
 Summon Ice Beast         Ice/Summ       0%         N/A       100%        4
 Summon Mana Viper        Hex/Summ       0%         N/A       100%        5
 Yara's Violent Unravell  Hex/Tmut       0%         3d3       100%        5
 Monstrous Menagerie      Summ           0%         N/A       100%        7


Dungeon Overview and Level Annotations

Branches:
Dungeon (8/15)             Temple (0/1) D:6          Bailey (1/1)
   Lair: D:8-11

Altars:
Ashenzari
Fedhas
Kikubaaqudgha

Shops:
D:1 (


Innate Abilities, Weirdness & Mutations

You have a pair of horns on your head.
You reflexively headbutt those who attack you in melee.
You are partially covered in iridescent scales. (AC +2)
You are frail. (-10% HP)


Message History

You barely miss the orc knight. Your headbutt misses the orc knight.
The orc knight is severely wounded.
You slash the kobold!
You kill the kobold!
You block the orc knight's attack. The orc knight closely misses you.
Unknown command.
You barely miss the orc knight.
The orc knight is severely wounded.
The orc knight hits you with a +0 broad axe!
Unknown command.
You slash the orc knight! Your headbutt misses the orc knight.
The orc knight is severely wounded.
The orc knight hits you with a +0 broad axe!
You hit the orc knight but do no damage.
You headbutt the orc knight, but do no damage.
The orc knight is severely wounded.
The orc knight hits you with a +0 broad axe!
* * * LOW HITPOINT WARNING * * *
Unknown command.
You hit the orc knight but do no damage.
The orc knight is severely wounded.
The orc knight hits you with a +0 broad axe!
* * * LOW HITPOINT WARNING * * *
Unknown command.
You barely miss the orc knight. Your headbutt misses the orc knight.
The orc knight is severely wounded.
You block the orc knight's attack.
You are confused.
You feel invigorated.
The orc knight hits you with a +0 broad axe!
* * * LOW HITPOINT WARNING * * *
You bump into the stone wall.
The orc knight barely misses you.
You bump into the stone wall.
The orc warrior no longer looks unusually strong.
The orc knight roars a battlecry!
The orc warrior goes into a battle-frenzy!
You bump into the stone wall.
The orc warrior no longer looks unusually strong.
The orc knight hits you with a +0 broad axe!!
You die...

#..∩......####
#.............####
#≈≈≈≈≈≈≈≈≈........###
≈≈≈≈≈≈≈≈≈≈≈≈≈≈.......##
≈≈≈#########≈≈≈≈≈......##
≈≈≈K#....og.#K≈≈≈≈≈≈.....##
≈##
#....o..####)(≈≈≈≈≈≈≈≈≈#
####o####..#.()...≈≈≈≈≈≈
.^..ooo@$..###......#≈≈≈
####o####..+ #.....#####
#..###.......##
#K.#....⌠.....#
##'#.........##
#...........##
K.............####
#.#############


You could see 2 orc knights and 3 orc warriors.

Vanquished Creatures
  Joseph (D:7)
  Grinder (D:6)
  Sigmund (D:2)
  A wyvern (D:7)
  Eustachio (D:6)
  A vampire mosquito (D:6)
  Menkaure (D:6)
  A water moccasin (D:6)
  2 ice beasts (D:6)
  3 orc warriors
  A hornet zombie (D:7)
  A black bear (D:4)
  A necrophage (D:6)
  5 ogres
  2 phantoms
  2 kobold brigands
  4 bullfrogs
  A water moccasin zombie (D:6)
  A wyvern skeleton (D:6)
  A water moccasin skeleton (D:3)
  6 wights (D:6)
  A howler monkey (D:4)
  A bullfrog skeleton (D:4)
  3 centaur zombies
  3 hounds
  2 jellies (D:6)
  Crazy Yiuf (D:2)
  A centaur skeleton (D:7)
  3 iguanas (D:6)
  Natasha (thrice) (D:4)
  6 orc wizards
  2 killer bee zombies
  Robin (D:2)
  A howler monkey zombie (D:7)
  A gnoll (Bailey)
  6 adders
  2 white imps
  3 ufetubi
  3 dart slugs
  19 orcs
  An endoplasm (D:3)
  6 giant cockroaches
  15 goblins
  9 hobgoblins
  6 jackals (D:2)
  25 kobolds
  4 quokkas
  7 ball pythons
  4 bats
  8 rats
185 creatures vanquished.

Vanquished Creatures (others)
  An orc warrior (D:7)
  An orc wizard (D:7)
  2 orcs (D:7)
4 creatures vanquished.

Grand Total: 189 creatures vanquished

Notes
Turn   | Place    | Note
-------+----------+-------------------------------------------
     0 | D:1      | Sin92 the Minotaur Fighter began the quest for the Orb.
     0 | D:1      | Reached XP level 1. HP: 19/19 MP: 0/0
   378 | D:1      | Found Fustriha's Antique Weapon Shop.
   659 | D:1      | Found a faded altar of an unknown god.
   702 | D:1      | Reached XP level 2. HP: 22/27 MP: 1/1
  1057 | D:2      | Reached skill level 3 in Axes
  1058 | D:2      | Reached skill level 1 in Dodging
  1066 | D:2      | Reached XP level 3. HP: 12/33 MP: 0/2
  1376 | D:2      | Noticed Robin
  1396 | D:2      | Killed Robin
  1397 | D:2      | Reached XP level 4. HP: 13/40 MP: 1/3
  2107 | D:2      | Noticed Sigmund
  2123 | D:2      | Killed Sigmund
  2124 | D:2      | Reached skill level 4 in Axes
  2124 | D:2      | Reached XP level 5. HP: 6/47 MP: 1/4
  2482 | D:2      | Found a runed translucent door.
  2483 | D:2      | Noticed Crazy Yiuf
  2772 | D:2      | Killed Crazy Yiuf
  2773 | D:2      | Reached XP level 6. HP: 20/53 MP: 1/5
  3266 | D:3      | Reached skill level 5 in Axes
  3947 | D:3      | Gained mutation: You are frail. (-10% HP) [potion of
                  | mutation]
  3947 | D:3      | Gained mutation: You are partially covered in iridescent
                  | scales. (AC +2) [potion of mutation]
  4166 | D:4      | Reached skill level 5 in Fighting
  4166 | D:4      | Reached skill level 5 in Armour
  4183 | D:4      | Noticed Natasha
  4187 | D:4      | Reached skill level 5 in Shields
  4192 | D:4      | Killed Natasha
  4193 | D:4      | Reached XP level 7. HP: 37/54 MP: 2/6
  4322 | D:4      | Found a blossoming altar of Fedhas.
  4322 | D:4      | Noticed Natasha
  4326 | D:4      | Killed Natasha
  4343 | D:4      | Noticed Natasha
  4350 | D:4      | Killed Natasha
  4413 | D:4      | Found an ancient bone altar of Kikubaaqudgha.
  4487 | D:4      | Reached skill level 6 in Axes
  4767 | D:4      | You fall into a shaft and drop 3 floors!
  4900 | D:7      | Reached XP level 8. HP: 58/63 MP: 7/7
  4950 | D:7      | Reached skill level 7 in Axes
  5350 | D:7      | Noticed Joseph
  5379 | D:7      | Killed Joseph
  5380 | D:7      | Reached skill level 8 in Axes
  5394 | D:6      | Noticed Eustachio
  5722 | D:6      | Noticed Grinder
  5732 | D:6      | Reached skill level 5 in Dodging
  5732 | D:6      | Paralysed by Grinder for 5 turns
  5733 | D:6      | Reached XP level 9. HP: 63/70 MP: 6/8
  5741 | D:6      | Killed Grinder
  5823 | D:6      | Reached skill level 9 in Axes
  6037 | D:6      | Noticed Menkaure
  6049 | D:6      | Killed Menkaure
  6496 | D:6      | Killed Eustachio
  6603 | D:6      | Reached skill level 1 in Maces & Flails
  6708 | D:6      | Found a staircase to the Ecumenical Temple.
  7011 | D:6      | Reached skill level 10 in Axes
  7419 | D:6      | Reached XP level 10. HP: 79/79 MP: 9/9
  7933 | D:7      | Found a broken altar of Ashenzari.
  8002 | D:8      | Found a flagged portal.
  8026 | Bailey   | Entered a bailey
  8101 | Bailey   | Noticed an orc knight
  8109 | Bailey   | Noticed an orc knight
  8118 | Bailey   | HP: 2/79 [orc knight (8)]
  8121 | Bailey   | Mangled by an orc knight

Illustrated notes

Levels and vault maps discovered:
D:1:      shiori_arrival_maze, layout_basic, serial_shops, shop,
          shapermc_ecumenical_altar_gd, kennysheep_small_spiral,
          corexii_hall_statues_l
D:2:      layout_basic, kennysheep_decorative_pillar, uniq_robin, uniq_sigmund,
          uniq_crazy_yiuf_cottage
D:3:      layout_basic
D:4:      minmay_polygon_palace, layout_cave_pools,
          grunt_temple_overflow_cloverleaf, serial_column_ruins,
          column_ruins_columns_dead_end, column_ruins_open_tiny,
          column_ruins_open_small_water, column_ruins_columns_corner,
          uniq_natasha
D:6:      layout_basic, minmay_temple_entry_slanted, nzn_random_ring,
          uniq_eustachio, uniq_menkaure, uniq_grinder
D:7:      layout_rooms, kennysheep_mini_moat, palyth_stone_intersect,
          minmay_statues_item, minmay_misc_feat_encased, uniq_joseph
D:8:      layout_cave_pods, grunt_dithmenos_smoke_and_mirrors, enter_bailey_5,
          serial_shops, shop, kennysheep_flooded_box,
          chequers_serial_rivers_micro_d
Bailey:   bailey_axe_4, bailey

Skill      XL: |  1  2  3  4  5  6  7  8  9 10 |
---------------+-------------------------------+-----
Axes           | 3 4 5 6 8 10 | 10.4
Dodging        | 1 2 3 5 6 |  6.3
Fighting       | 4 5 6 7 |  7.9
Armour         | 4 5 6 7 8 |  8.0
Shields        | 4 5 6 7 |  7.9
Maces & Flails | 2 |  2.8

Action                   |  1- 3 |  4- 6 |  7- 9 | 10-12 || total
-------------------------+-------+-------+-------+-------++-------
Melee: War axe           |    72 |   104 |   303 |    63 ||   542
       Headbutt          |     8 |    16 |    62 |     7 ||    93
  Use: Scroll            |     3 |     6 |     2 |     2 ||    13
       Potion            |       |     4 |     3 |     3 ||    10
 Stab: Invisible         |       |       |     3 |       ||     3
Armor: Scale mail        |    16 |       |       |       ||    16
       Chain mail        |    76 |    49 |   171 |    38 ||   334
Dodge: Dodged            |    22 |    29 |   109 |    24 ||   184
Block: Kite shield       |    65 |    56 |   204 |    65 ||   390

Table legend: (Time is in decaauts)
 A = Elapsed time spent in this place.
 B = Non-inter-level travel time spent in this place.
 C = Inter-level travel time spent in this place.
 D = Time resting spent in this place.
 E = Time spent auto-exploring this place.
 F = Levels seen in this place.
 G = Mean time per level.
                   A        B        C        D        E       F      G
               +--------+--------+--------+--------+--------+-----+--------+
         Total |   8309 |   8077 |    232 |   1274 |   5542 |   8 | 1038.6 |
       Dungeon |   8209 |   7977 |    232 |   1274 |   5536 |   7 | 1172.7 |
        Bailey |     99 |     99 |      0 |      0 |      6 |   1 |   99.0 |
               +--------+--------+--------+--------+--------+-----+--------+

Top non-repeatable levels by time:
     D:6: 2174 daAuts
     D:2: 1985 daAuts
     D:3: 1181 daAuts
     D:7: 1127 daAuts
     D:1: 1065 daAuts
     D:4: 649 daAuts
  Bailey: 99 daAuts
     D:8: 26 daAuts
